 Dungeon Crawl Stone Soup version 0.25-a0-578-gc91f01c39c (webtiles) character file.

Game seed: 9020945467143100648, levelgen mode: deterministic

912 An17 the Covert (level 7, -1/38 HPs)
             Began as a Vampire Enchanter on Mar 4, 2020.
             Was an Initiate of Dithmenos.
             Slain by a centaur skeleton (7 damage)
             ... on level 5 of the Dungeon.
             The game lasted 00:13:25 (3977 turns).

An17 the Covert (Vampire Enchanter)                 Turns: 3977, Time: 00:13:26

Health: -1/38      AC:  3    Str:  8 (9)  XL:     7   Next: 82%
Magic:  5/12       EV: 15    Int: 18      God:    Dithmenos [......]
Gold:   222        SH:  0    Dex: 15 (16) Spells: 2/13 levels left

rFire    . . .     SeeInvis +   a - +1 dagger
rCold    + + .     Gourm    .   (no shield)
rNeg     + + +     Faith    .   b - +0 robe
rPois    ∞         Spirit   .   (no helmet)
rElec    .         Reflect  .   i - +0 cloak
rCorr    .         Harm     .   (no gloves)
MR       .....                  (no boots)
Stlth    ++++++....             (no amulet)
HPRegen  0.00/turn              (no ring)
MPRegen  0.13/turn              (no ring)

@: bloodless
A: no food, fangs 3, see invisible, deterioration 1, strong 1, unbreathing
a: Bat Form, Revivify, Renounce Religion


You were on level 5 of the Dungeon.
You worshipped Dithmenos.
Dithmenos was noncommittal.
You were bloodless.

You visited 2 branches of the dungeon, and saw 6 of its levels.

You collected 222 gold pieces.

Inventory:

Hand Weapons
 a - a +1 dagger (weapon)
Missiles
 d - 16 poisoned darts (quivered)
 h - 6 atropa-tipped darts
Armour
 b - a +0 robe (worn)
 c - a +0 leather armour
 i - a +0 cloak (worn)
Wands
 f - a wand of polymorph (17)
 j - a wand of clouds (4)
Scrolls
 e - a scroll of remove curse
Potions
 k - a potion of resistance


   Skills:
 + Level 1.1 Fighting
 + Level 3.3 Short Blades
 * Level 4.9 Dodging
 + Level 8.7 Stealth
 + Level 3.6 Spellcasting
 + Level 6.3 Hexes
 + Level 2.1 Ice Magic


You had 2 spell levels left.
You knew the following spells:

 Your Spells              Type           Power        Failure   Level  Hunger
a - Confusing Touch       Hex            ####....     3%          3    N/A
b - Ensorcelled Hibernat  Hex/Ice        ###...       4%          2    N/A
c - Tukima's Dance        Hex            ####....     3%          3    N/A
d - Dazzling Flash        Conj/Hex       ##....       12%         3    N/A

Your spell library contained the following spells:

 Spells                   Type           Power        Failure   Level  Hunger
 Corona                   Hex            ####...      1%          1    N/A

Dungeon Overview and Level Annotations

Branches:
Dungeon (5/15)             Temple (1/1) D:5

Altars:
Ashenzari
Dithmenos
Fedhas
Gozag
Hepliaklqana
Kikubaaqudgha
Nemelex Xobeh
Ru
Trog
Uskayaw
Vehumet
Wu Jian
Xom
Yredelemnul
Zin

Annotations:
D:4 3 runed translucent doors, Beaer's ghost, amateur FoHu


Innate Abilities, Weirdness & Mutations

You do not eat.
You do not regenerate when monsters are visible.
You are frail without blood (-20% HP).
You can heal yourself when you bite living creatures.
You are immune to poison.
You have razor-sharp teeth.
You have supernaturally acute eyesight. (SInv)
You can survive without breathing.
((You tend to lose your temper in combat.))
Your body sometimes deteriorates upon taking damage.
Your muscles are strong. (Str +2)


Message History

The centaur skeleton appears confused.
The centaur skeleton is heavily damaged.
The centaur skeleton closely misses you.
You hit the centaur skeleton.
The centaur skeleton is heavily damaged.
The centaur skeleton closely misses you.
The centaur skeleton hits you.
You hit the centaur skeleton.
The centaur skeleton is heavily damaged.
The centaur skeleton hits you.
You hit the centaur skeleton.
The centaur skeleton is severely damaged.
You hit the centaur skeleton.
The centaur skeleton is severely damaged.
The centaur skeleton barely misses you. The centaur skeleton hits you.
* * * LOW HITPOINT WARNING * * *
You hit the centaur skeleton. You bite the centaur skeleton.
The centaur skeleton is almost destroyed.
The centaur skeleton hits you!
You die...

..≈≈≈≈≈≈≈≈≈≈≈≈≈..######..##..##
.≈≈≈≈≈≈≈≈≈≈≈≈≈≈≈.#######'##..###+
.≈≈≈≈≈≈...≈≈≈≈≈≈.....#...........
.≈≈≈≈≈≈.>.≈≈≈≈≈≈.....#...........
.≈≈≈≈≈≈...≈≈≈≈≈≈.##>.##..##..##..
.≈≈≈≈≈≈≈≈≈≈≈≈≈..##..##..##..##..
...≈≈≈≈≈≈≈≈≈....######....oZ.#.o
.....≈≈≈≈≈.........)<#.......+..
...............@Z..[÷#.......#.)
.+#################.######...#..
##..###.######.#####
...........)oZ..#
................#
................#
.##..###..##....# ### ##+##....#
######


You could see a centaur skeleton (confused).

Vanquished Creatures
  Edmund (D:4)
  An ogre (D:5)
  A phantom (D:4)
  A centaur (D:5)
  A scorpion (D:4)
  A crimson imp (D:5)
  A hound (D:5)
  Terence (D:3)
  A worker ant (D:4)
  4 orc wizards (D:4)
  A hound zombie (D:5)
  Robin (D:4)
  A worker ant zombie (D:5)
  10 adders
  A shadow imp (D:5)
  An adder skeleton (D:4)
  2 worms (D:3)
  3 dart slugs (D:1)
  5 leopard geckos
  12 orcs
  2 ball pythons (D:3)
  5 bats
  4 giant cockroaches
  17 goblins
  10 hobgoblins
  11 jackals
  7 kobolds
  3 quokkas
  3 frilled lizards
  A quokka skeleton (D:5)
  A quokka zombie (D:5)
  6 rats
120 creatures vanquished.

Notes
Turn   | Place    | Note
-------+----------+-------------------------------------------
     0 | D:1      | An17 the Vampire Enchanter began the quest for the Orb.
     0 | D:1      | Reached XP level 1. HP: 13/13 MP: 3/3
   123 | D:1      | Reached XP level 2. HP: 19/19 MP: 5/5
   127 | D:1      | Learned a level 2 spell: Ensorcelled Hibernation
   248 | D:1      | Reached skill level 5 in Hexes
   417 | D:1      | Reached skill level 5 in Stealth
   817 | D:2      | Reached XP level 3. HP: 21/24 MP: 6/6
   822 | D:2      | Learned a level 3 spell: Tukima's Dance
  1273 | D:2      | Found a basalt altar of Yredelemnul.
  1313 | D:2      | Reached XP level 4. HP: 21/24 MP: 2/7
  1613 | D:3      | Noticed Terence
  1619 | D:3      | Killed Terence
  1619 | D:3      | Reached skill level 6 in Stealth
  1701 | D:3      | Reached XP level 5. HP: 28/28 MP: 4/8
  1864 | D:3      | Found a faded altar of an unknown god.
  2348 | D:4      | Found a runed translucent gate.
  2348 | D:4      | Found a runed translucent gate.
  2348 | D:4      | Found an opulent altar of Gozag.
  2348 | D:4      | Found a runed translucent gate.
  2349 | D:4      | Noticed Beaer's ghost (amateur FoHu)
  2355 | D:4      | Noticed a hungry ghost
  2397 | D:4      | Learned a level 3 spell: Confusing Touch
  2410 | D:4      | Reached skill level 7 in Stealth
  2424 | D:4      | Reached XP level 6. HP: 33/33 MP: 9/9
  2432 | D:4      | Noticed Edmund
  2493 | D:4      | Killed Edmund
  2493 | D:4      | Reached skill level 1 in Ice Magic
  2640 | D:4      | Gained mutation: Your body sometimes deteriorates upon
                  | taking damage. [potion of mutation]
  2640 | D:4      | Gained mutation: You tend to lose your temper in combat.
                  | [potion of mutation]
  2640 | D:4      | Gained mutation: Your muscles are strong. (Str +2) [potion
                  | of mutation]
  2685 | D:4      | Reached skill level 8 in Stealth
  2727 | D:4      | Reached XP level 7. HP: 26/37 MP: 11/11
  3294 | D:4      | Found a blossoming altar of Fedhas.
  3368 | D:4      | Noticed Robin
  3398 | D:4      | Killed Robin
  3528 | D:5      | Entered Level 5 of the Dungeon
  3547 | D:5      | HP: 1/37 [adder (4)]
  3548 | D:5      | Reached skill level 1 in Fighting
  3604 | D:5      | Learned a level 3 spell: Dazzling Flash
  3606 | D:5      | Found a staircase to the Ecumenical Temple.
  3634 | Temple   | Entered the Ecumenical Temple
  3668 | Temple   | Became a worshipper of Dithmenos the Shadowed
  3789 | D:5      | HP: 1/38 [crimson imp (3)]
  3825 | D:5      | Found a shattered altar of Ashenzari.
  3829 | D:5      | Saw a vision of the Shoals and the Spider Nest.
  3829 | D:5      | Noticed a merfolk
  3829 | D:5      | Noticed a sea snake
  3829 | D:5      | Noticed a hornet
  3829 | D:5      | Noticed a redback
  3829 | D:5      | Noticed a wolf spider
  3829 | D:5      | Noticed a redback
  3829 | D:5      | Noticed a redback
  3830 | D:5      | Noticed a redback
  3832 | D:5      | Noticed a wolf spider
  3977 | D:5      | Slain by a centaur skeleton

Levels and vault maps discovered:
D:1:      beargit_arrival_greenhouse, layout_basic, corner_web_ring,
          minivault_23, serial_park_tiny_2,
          wander_ebering_terrifying_dragon_lair
D:2:      layout_loops_ring, yredelemnul_altar_generic
D:3:      layout_basic, chequers_ecumenical_altar_simple_redux,
          dk_noncrumbling_2, uniq_terence
D:4:      layout_loops_corners, ebering_ghost_gozag, first_ration,
          hangedman_decor_riveting, fedhas_ov_isle_minmay, uniq_edmund,
          uniq_robin
D:5:      layout_gridville, temple_pool_b, grunt_ashenzari_visionary
          [grunt_ashenzari_visionary_shoals, grunt_ashenzari_visionary_spider]
Temple:   nicolae_temple_x_marks_the_god

Skill      XL: |  1  2  3  4  5  6  7 |
---------------+----------------------+-----
Hexes          | 5 6 |  6.3
Stealth        | 5 6 7 8 |  8.7
Short Blades   | 2 3 |  3.3
Dodging        | 3 4 |  4.9
Ice Magic      | 1 2 |  2.1
Spellcasting   | 3 |  3.6
Fighting       | 1 |  1.1

Action                   |  1- 3 |  4- 6 |  7- 9 || total
-------------------------+-------+-------+-------++-------
Melee: Dagger            |   113 |   127 |   169 ||   409
       Bite              |     3 |     6 |    22 ||    31
Throw: Throwing net      |       |       |     1 ||     1
 Cast: Ensorcelled Hiber |    15 |    39 |    21 ||    75
       Confusing Touch   |       |       |     6 ||     6
       Dazzling Flash    |       |       |     2 ||     2
 Abil: Exsanguinate      |     1 |       |       ||     1
  Use: Scroll            |     3 |     6 |     1 ||    10
       Potion            |       |     2 |     3 ||     5
 Stab: Sleeping          |    22 |    40 |    15 ||    77
       Confused          |       |       |     3 ||     3
Armor: Robe              |    17 |    14 |    22 ||    53
Dodge: Dodged            |    66 |    66 |   113 ||   245

Table legend:
 A = Non-vault XP
 B = Vault XP
 C = Vault XP percentage of total XP
 D = Non-vault monster count
 E = Vault monster count
 F = Vault count percentage of total count
                 A         B        C        D         E       F
            +---------+---------+-------+---------+---------+-------
      Total |    1066 |     237 |  18.2 |     106 |      14 |  11.7
            +---------+---------+-------+---------+---------+-------
        D:1 |      49 |       3 |   5.8 |      20 |       1 |   4.8
        D:2 |      81 |       0 |   0.0 |      25 |       0 |   0.0
        D:3 |      95 |      36 |  27.5 |      26 |       1 |   3.7
        D:4 |     443 |     198 |  30.9 |      21 |      12 |  36.4
        D:5 |     398 |       0 |   0.0 |      14 |       0 |   0.0
            +---------+---------+-------+---------+---------+-------
